 Dungeon Crawl Stone Soup version 0.16.1-11-g651b585 (console) character file.

792 demorobin the Ducker (level 7, 40/40 HPs)
             Began as a Deep Elf Monk on Apr 2, 2015.
             Quit the game on level 6 of the Dungeon.
             The game lasted 00:14:45 (5483 turns).

demorobin the Ducker (Deep Elf Monk)                Turns: 5483, Time: 00:14:46

Health: 40/40      AC:  4    Str:  9    XL:     7   Next: 57%
Magic:  14/14      EV: 22    Int: 15    God:
Gold:   305        SH:  4    Dex: 22    Spells: 0 memorised, 6 levels left

rFire  . . .     SeeInvis .     a - +2 dagger (venom)
rCold  + . .     Clarity  +     H - +1 robe {rC+}
rNeg   . . .     SustAb   .     F - +0 buckler
rPois  .         Gourm    .     (no helmet)
rElec  .         Spirit   .     v - +0 cloak
rCorr  .         Warding  .     (no gloves)
rMut   .         Stasis   .     (no boots)
MR     .....                    A - amulet of clarity
Stlth  ++........               f - +4 ring of evasion
                                u - +4 ring of dexterity

@: drained, not resistant to hostile enchantments, unstealthy
A: no striking features
a: no special abilities


You were on level 6 of the Dungeon.
You were not hungry.

You visited 1 branch of the dungeon, and saw 6 of its levels.

You collected 305 gold pieces.

Inventory:

Hand weapons
 a - a +2 dagger of venom (weapon)
 b - a +0 blowgun
 d - a +0 trident of pain
 y - a +0 falchion
 M - a cursed +0 great sword
Missiles
 i - 13 stones (quivered)
 z - 28 poisoned needles
Armour
 n - a +0 plate armour
 v - a +0 cloak (worn)
 F - a +0 buckler (worn)
 H - a +1 robe of cold resistance (worn)
Jewellery
 f - a +4 ring of evasion (right hand)
 m - an uncursed ring of see invisible
 q - an uncursed ring of flight
 u - a +4 ring of dexterity (left hand)
 A - an amulet of clarity (around neck)
Magical devices
 C - a wand of lightning (6)
 J - a wand of draining (4)
Scrolls
 c - 2 scrolls of recharging {unknown}
 e - 3 scrolls of enchant armour {unknown}
 h - 2 scrolls of fear {unknown}
 j - 2 scrolls of fog {unknown}
 k - 4 scrolls of identify
 o - 2 scrolls of enchant weapon {unknown}
 r - 2 scrolls of random uselessness {unknown}
 t - 2 scrolls of immolation {unknown}
 x - 3 scrolls of remove curse {unknown}
 K - a scroll of teleportation {unknown}
 L - 2 scrolls of amnesia {unknown}
Potions
 s - 6 potions of heal wounds
 w - a potion of might
 B - a potion of brilliance
 D - 4 potions of curing
 E - a potion of haste {!q}
 G - 2 potions of agility {unknown}
 O - a potion of berserk rage
Comestibles
 g - 4 meat rations
 l - 2 bread rations
 p - a beef jerky
 I - a slice of pizza
 N - a royal jelly


   Skills:
 - Level 2.4(2.2) Fighting
 + Level 5.5(5.3) Short Blades
 + Level 7.7(7.5) Dodging
 - Level 2.4(2.2) Stealth
 - Level 4.0(3.8) Unarmed Combat


You had 6 spell levels left.
You didn't know any spells.

Dungeon Overview and Level Annotations

Branches:
Dungeon (6/15)
 Temple: D:4-7

Altars:
Dithmenos
Gozag
Vehumet

Shops:
D:4 (   D:6 =

Annotations:
D:2 exclusion: upstairs
D:6 abixa's ghost, experienced HuWr


Message History

You see here a great sword.
You hit the scorpion but do no damage.
The scorpion is poisoned.
You hit the scorpion.
The scorpion looks even sicker.
The scorpion is lightly wounded.
The scorpion completely misses you.
You hit the scorpion.
The scorpion is almost dead.
You kill the scorpion!
No target in view!
You see here a great sword.
There is a stone staircase leading up here.
You see here a great sword.
M - a great sword
Found an escape hatch in the floor.
c - 2 scrolls labeled YFIMEZX THROILA (gained 1)
There is an entrance to Mubaaj's Jewellery Boutique here.
Put on which piece of jewellery? (? for menu, Esc to quit)
Okay, then.
You can access your shopping list by pressing '$'.
Are you sure you want to abandon this character and quit the game? (Confirm with "yes".)

#.# ####.#### #.#
#h# #...# #.# #.#
###.# #.## #†# #.#
#... ######.#####
#.# #.##
#......#...######.#
#.#
#.#......#........#
#.##
#..###...######.#
#... #.. #.@.# #.#
#.## #.. #...#
#.#####.# #.. #.#.#
#....##.# ... #.#.#
#>##.# . .#.. #...#
#..#.# . ###.#
##.#.# #.# #.#.#
..# #.#.# # #.#.#


There were no monsters in sight!

Vanquished Creatures
  An ogre (D:4)
  3 scorpions
  A wight (D:6)
  A crimson imp (D:5)
  A goliath beetle (D:6)
  2 giant frog skeletons
  An orc wizard (D:4)
  5 worker ants
  A hound skeleton (D:5)
  3 gnolls (D:2)
  7 adders
  A giant mite (D:1)
  A shadow imp (D:5)
  6 worms
  An adder skeleton (D:5)
  5 giant geckos
  3 oozes
  12 orcs
  2 ball pythons
  8 bats
  7 giant cockroaches
  7 goblins
  8 hobgoblins
  17 jackals
  8 kobolds
  3 quokkas
  A ball python skeleton (D:5)
  6 giant newts
  11 rats
133 creatures vanquished.

Notes
Turn   | Place    | Note
--------------------------------------------------------------
     0 | D:1      | demorobin, the Deep Elf Monk, began the quest for the Orb.
     0 | D:1      | Reached XP level 1. HP: 13/13 MP: 2/2
   428 | D:1      | Reached XP level 2. HP: 18/18 MP: 4/4
   547 | D:1      | wow good hit
   756 | D:2      | Reached skill level 4 in Unarmed Combat
   815 | D:2      | Found a shadowy altar of Dithmenos.
   868 | D:2      | :/
   968 | D:1      | Reached XP level 3. HP: 20/22 MP: 6/6
  1028 | D:1      | Reached skill level 1 in Short Blades
  1632 | D:2      | Reached XP level 4. HP: 23/27 MP: 8/8
  2425 | D:3      | Reached XP level 5. HP: 31/31 MP: 10/10
  3229 | D:4      | Reached skill level 5 in Dodging
  3262 | D:4      | Reached XP level 6. HP: 26/36 MP: 12/12
  3294 | D:4      | Found Priudaih's Weapon Emporium.
  3381 | D:4      | Noticed a phantom
  3606 | D:4      | mmm
  3842 | D:4      | Noticed an ogre
  3861 | D:4      | Killed an ogre
  3861 | D:4      | Reached skill level 6 in Dodging
  4041 | D:4      | Reached skill level 5 in Short Blades
  4251 | D:5      | Entered Level 5 of the Dungeon
  4276 | D:5      | Reached XP level 7. HP: 40/40 MP: 14/14
  4462 | D:5      | Found a radiant altar of Vehumet.
  4463 | D:5      | Found an opulent altar of Gozag.
  4885 | D:6      | Reached skill level 7 in Dodging
  5009 | D:6      | ew
  5170 | D:6      | Found Mubaaj's Jewellery Boutique.
  5189 | D:6      | Noticed abixa's ghost (experienced HuWr)
  5483 | D:6      | Quit the game

Action                   |  1- 3 |  4- 6 |  7- 9 || total
-------------------------+-------+-------+-------++-------
Melee: Unarmed           |    77 |       |       ||    77
       Dagger            |    45 |   213 |   160 ||   418
 Fire: Blowgun           |       |    19 |     5 ||    24
Throw: Stone             |       |     5 |       ||     5
  Use: Potion            |     1 |       |       ||     1
       Scroll            |       |     4 |       ||     4
 Stab: Sleeping          |     4 |    14 |     3 ||    21
  Eat: Chunk             |     2 |     4 |     4 ||    10
       Bread ration      |       |     1 |       ||     1
